 Dungeon Crawl Stone Soup version 0.29-a0-998-g1987434951 (webtiles) character file.

Game seed: 16749194676409804786

2 nicolae the Insei (level 1, -1/13 HPs)
             Began as an Octopode Transmuter on Aug 6, 2022.
             Slain by a goblin
             ... wielding a +0 club
              (5 damage)
             ... on level 1 of the Dungeon.
             The game lasted 00:00:39 (65 turns).

nicolae the Insei (Octopode Transmuter)               Turns: 65, Time: 00:00:39

Health: -1/13      AC:  1    Str:  9    XL:     1   Next: 40%
Magic:  3/3        EV: 13    Int: 15    God:
Gold:   0          SH:  0    Dex: 12    Spells: 3/4 levels left

rFire   . . .      SeeInvis .     - Unarmed
rCold   . . .      Faith    .   (no shield)
rNeg    . . .      Spirit   .   (helmet restricted)
rPois   .          Reflect  .   (no amulet)
rElec   .          Harm     .   (no ring)
rCorr   .          Rampage  .   (no ring)
Will    .....                   (no ring)
Stlth   ++........              (no ring)
HPRegen 0.04/turn               (no ring)
MPRegen 0.08/turn               (no ring)
                                (no ring)
                                (no ring)

@: no status effects
A: almost no armour, amphibious, 8 rings, camouflage 1, gelatinous body 1,
(nimble swimmer 1), tentacles
a: no special abilities


You were on level 1 of the Dungeon.
You visited 1 branch of the dungeon, and saw 1 of its levels.

Inventory:

Potions
 a - a potion of lignification


   Skills:
 - Level 1.0 Fighting
 - Level 2.0 Dodging
 - Level 3.0 Unarmed Combat
 - Level 2.0 Spellcasting
 + Level 2.2 Transmutations


You had 3 spell levels left.
You knew the following spells:

 Your Spells              Type           Power      Damage    Failure   Level
a - Beastly Appendage     Tmut           16%        N/A       9%          1

Your spell library contained the following spells:

 Spells                   Type           Power      Damage    Failure   Level
 Wereblood                Tmut           8%         N/A       13%         2
 Spider Form              Tmut/Pois      4%         N/A       38%         3
 Ice Form                 Ice/Tmut       4%         N/A       80%         4


Dungeon Overview and Level Annotations

Branches:
Dungeon (1/15)

Altars:


Innate Abilities, Weirdness & Mutations

You cannot wear most types of armour.
You are amphibious.
You can wear up to eight rings at the same time.
Your skin changes colour to match your surroundings (Stealth+).
Your rubbery body absorbs attacks. (AC +1, EV +1)
((You are camouflaged when in or above water. (Stealth+)))
You have tentacles for arms and can constrict up to eight enemies at once.


Message History

There is a large open door here.
A hobgoblin comes into view.
Found a dagger.
One of your tentacles grows a vicious spike.
Your transformation is almost over.
The hobgoblin shouts!
You closely miss the hobgoblin. Your grab misses the hobgoblin.
You pierce the hobgoblin.
You kill the hobgoblin!
No target in view!
No target in view!
A quokka comes into view.
A kobold comes into view. It is wielding a +0 dagger.
Found a scroll labelled KAANTIQEVE.
A goblin comes into view. It is wielding a +0 club.
An endoplasm comes into view.
You see here a +0 dagger.
You closely miss the quokka. You grab the quokka.
You constrict the quokka, but do no damage.
The quokka barely misses you. x2
You tentacle-slap the quokka but do no damage.
You squeeze the quokka.
The quokka is lightly wounded.
You constrict the quokka. The quokka completely misses you.
The kobold shouts!
You tentacle-slap the quokka.
Your tentacle spike misses the quokka.
The quokka is heavily wounded.
You constrict the quokka. The quokka bites you.
You tentacle-slap the quokka but do no damage.
Your tentacle-slap misses the quokka.
The quokka is almost dead.
Your tentacle spike disappears.
You constrict the quokka.
You kill the quokka!
A bat comes into view.
The goblin hits you with a +0 club. The endoplasm freezes you.
You are frozen.
The goblin hits you with a +0 club.
You die...

#########.~# ≈.#~~~~~#8~#
#.# . ≈.#~...~#.~# #.##.
≈.#~.#.~#.~# #... ##
≈.#~.#.~#8~# #..# ...
≈.#~.#.~#.~## #..# ....
..'..#..'...# #..#.....
..'..#..'...#####gJ......
≈.#~.#.~#.~.....@).K.....
§§#~.#.~#8~######........
≈.#~.#.~#.~# #..##....
§.#~...~#.~# #..# ...
≈.#~~~~~#8~# #... .
#########.~# #...# ..~#
#.... ~~~# #.#.?.


You could see an endoplasm, a goblin and a kobold.

Vanquished Creatures
  A hobgoblin (D:1)
  A quokka (D:1)
2 creatures vanquished.

Notes
Turn   | Place    | Note
-------+----------+-------------------------------------------
     0 | D:1      | nicolae the Octopode Transmuter began the quest for the
                  | Orb.
     0 | D:1      | Reached XP level 1. HP: 13/13 MP: 3/3
    65 | D:1      | Slain by a goblin

Illustrated notes

Levels and vault maps discovered:
D:1:      lightli_arrival_isolated_outpost, layout_rooms

Action                   || total
-------------------------++-------
Melee: Unarmed           ||     5
       Constrict         ||     1
       Kick              ||     1
       Tentacles         ||     1
 Cast: Beastly Appendage ||     3
Dodge: Dodged            ||     3

Table legend: (Time is in decaauts)
 A = Elapsed time spent in this place.
 B = Non-inter-level travel time spent in this place.
 C = Inter-level travel time spent in this place.
 D = Time resting spent in this place.
 E = Time spent auto-exploring this place.
 F = Levels seen in this place.
 G = Mean time per level.
                   A        B        C        D        E       F      G
               +--------+--------+--------+--------+--------+-----+--------+
         Total |     64 |     64 |      0 |      0 |     47 |   1 |   64.0 |
       Dungeon |     64 |     64 |      0 |      0 |     47 |   1 |   64.0 |
               +--------+--------+--------+--------+--------+-----+--------+

Top non-repeatable levels by time:
     D:1: 64 daAuts
